 Dungeon Crawl Stone Soup version 0.31-a0-237-g2d982f9f85 (webtiles) character file.

Game seed: 7799632671520851920

15851 vineage the Warrior (level 12, -5/90 HPs)
             Began as a Gargoyle Fighter on July 11, 2023.
             Was a High Priest of Okawaru.
             Collided with a rock wall (16 damage)
             ... caused by a wretched star
             ... on level 2 of the Abyss.
             The game lasted 00:13:57 (9812 turns).

vineage the Warrior (Gargoyle Fighter)              Turns: 9812, Time: 00:13:57

Health: -5/90      AC: 32    Str: 23      XL:     12   Next: 31%
Magic:  0/15       EV:  7    Int:  8 (9)  God:    Okawaru [*****.]
Gold:   622        SH:  7    Dex: 11      Spells: 11/11 levels left

rFire   + . .        e - +1 demon whip of Qapaixec {drain, rN+ Str+4}
rCold   . . .        c - +1 buckler
rNeg    + + .        M - +1 plate armour {rF+}
rPois   ∞            l - +0 hat
rElec   +            (no cloak)
rCorr   .            I - +2 pair of gloves
SInv    .            (no boots)
Will    .....        h - amulet of guardian spirit Stlth
                     v - +4 ring of protection
HPRegen 0.35/turn    u - ring of flight
MPRegen 0.14/turn

%: guardian spirit
@: flying
A: sickness immunity, AC +8, negative energy resistance 1, electricity
resistance, torment resistance 1, petrification resistance, [deterioration 2],
[weak 2], [subdued magic 2]
a: Renounce Religion, Heroism, Finesse, Duel


You were on level 2 of the Abyss.
You worshipped Okawaru.
Okawaru was extremely pleased with you.
You visited 2 branches of the dungeon, and saw 12 of its levels.
You visited the Abyss 1 time.
You also visited: Sewer and Bailey.

You collected 622 gold pieces.

Inventory:

Hand Weapons
 a - a +1 flail
 e - the +1 demon whip of Qapaixec (weapon) {drain, rN+ Str+4}
   (You acquired it on level 10 of the Dungeon)

   Str:       It affects your strength (+4).
   rN:        It protects you from negative energy.
 g - the +8 Vampire's Tooth {megavamp}
   (You found it on level 2 of the Dungeon)
 z - a +0 morningstar of freezing
Missiles
 m - 2 throwing nets
Armour
 c - a +1 buckler (worn)
 l - a +0 hat (worn)
 I - a +2 pair of gloves (worn)
 M - a +1 plate armour of fire resistance (worn)
Jewellery
 h - an amulet of guardian spirit (around neck)
 s - a ring of wizardry
 u - a ring of flight (right hand)
 v - a +4 ring of protection (left hand)
 x - a ring of protection from cold
Wands
 o - a wand of paralysis (8)
 y - a wand of flame (1)
 B - a wand of digging (7)
Scrolls
 n - 6 scrolls of teleportation
 p - 2 scrolls of blinking
 r - a scroll of immolation
 t - 5 scrolls of vulnerability
 C - 6 scrolls of fear
 E - 2 scrolls of enchant weapon
 F - a scroll of brand weapon
Potions
 b - 4 potions of attraction
 d - a potion of might
 f - a potion of heal wounds
 i - 2 potions of magic
 j - 4 potions of curing
 k - 2 potions of haste
 q - a potion of enlightenment {unknown}
 w - a potion of invisibility {unknown}
 A - 2 potions of lignification
 D - a potion of resistance
 G - a potion of cancellation {unknown}
 H - a potion of degeneration {unknown}
 J - a potion of experience {unknown}
 K - a potion of ambrosia {unknown}


   Skills:
 + Level 16.7 Fighting
 * Level 7.2 Maces & Flails
 + Level 10.5 Armour
 + Level 10.4 Shields
 + Level 4.7 Invocations


You had 11 spell levels left.
You didn't know any spells.
Your spell library contained the following spells:

 Spells                   Type           Power      Damage    Failure   Level
 Magic Dart               Conj           0%         1d3       99%         1
 Shock                    Conj/Air       0%         1d3       99%         1
 Blink                    Tloc           0%         N/A       100%        2
 Lesser Beckoning         Tloc           0%         N/A       100%        2
 Momentum Strike          Conj/Tloc      0%         3d8       100%        2
 Frozen Ramparts          Ice            0%         1d1       100%        3
 Mephitic Cloud           Conj/Pois/Air  0%         N/A       100%        3
 Swiftness                Air            0%         N/A       100%        3
 Airstrike                Air            0%         2d(0-16)  100%        4
 Ice Form                 Ice/Tmut       0%         N/A       100%        4
 Manifold Assault         Tloc           0%         N/A       100%        4
 Dispersal                Tloc           0%         N/A       100%        6
 Disjunction              Tloc           0%         N/A       100%        8
 Call Imp                 Summ           Unusable   N/A       N/A         2
 Summon Ice Beast         Ice/Summ       Unusable   N/A       N/A         4
 Summon Forest            Summ/Tloc      Unusable   N/A       N/A         5
 Summon Mana Viper        Hex/Summ       Unusable   N/A       N/A         5
 Summon Cactus Giant      Summ           Unusable   N/A       N/A         6

Dungeon Overview and Level Annotations

Branches:
Dungeon (10/15)            Temple (1/1) D:6            Lair (0/5) D:10
  Sewer (visited)          Bailey (visited)
    Orc: D:9-12

Altars:
Ashenzari
Cheibriados
Dithmenos
Elyvilon
Fedhas
Gozag
Hepliaklqana
Kikubaaqudgha
Makhleb
Nemelex Xobeh
Okawaru
Qazlal
Ru
Sif Muna
Trog
Uskayaw
Vehumet
Wu Jian
Xom
Yredelemnul
Zin
The Shining One

Shops:
D:1 =


Innate Abilities, Weirdness & Mutations

You are immune to sickness and miasma.
Your stone body is resilient. (AC +8)
You are immune to poison.
You resist negative energy. (rN+)
You are resistant to electric shocks. (rElec)
You are resistant to unholy torment.
You are immune to petrification.
[Your body often deteriorates upon taking damage.]
[You are very weak. (Str -4)]
[Your spells are easier to cast, but less powerful.]


Message History

You are knocked back by the lance of force.
You slam into the rock wall!
You closely miss the wretched star. You barely miss the wretched star.
You hit the wretched star.
The wretched star is lightly damaged.
The wretched star pulses with an eldritch light!
You feel yourself wasting away.
You feel your body start to fall apart.
You closely miss the wretched star.
The wretched star is lightly damaged.
The wretched star glows turbulently.
The lance of force hits you but does no damage.
You hit the wretched star but do no damage.
The wretched star is lightly damaged.
You whack the wretched star!
The wretched star is lightly damaged.
You hit the wretched star but do no damage.
The wretched star is lightly damaged.
You hit the wretched star but do no damage.
The wretched star is lightly damaged.
The wretched star pulses with an eldritch light!
You feel weaker. x2
You barely miss the wretched star.
The wretched star is lightly damaged.
You barely miss the wretched star.
The wretched star is lightly damaged.
The wretched star pulses with an eldritch light!
Your connection to magic feels subdued.
Your connection to magic feels more subdued.
You hit the wretched star.
The wretched star is lightly damaged.
You closely miss the wretched star.
The wretched star is lightly damaged.
The wretched star glows turbulently.
The lance of force hits you!!
* * * LOW HITPOINT WARNING * * *
Your body deteriorates!
You feel dopey.
You are knocked back by the lance of force.
You slam into the rock wall!
You die...

. # . .#.. #
.#.. .. #
.#.#... . ..
#.. ##.#. ..# #
##. ##
#.#....###...##
##. . ..#.. #
#.~..# ##.# #.#
##.#.# #. ≈~≈.
.#.# # .~≈
.#@## # . ~.
.#..# #~♣
~..###.*#
###### #..+
##.# #. ##


You could see a wretched star.

Vanquished Creatures
  2 boulder beetles (D:10)
  An ogre mage (D:10)
  2 two-headed ogres
  An orc high priest (Bailey)
  Amaemon (D:10)
  A wizard (D:10)
  An ugly thing (D:10)
  An elephant (D:10)
  An orange demon (D:10)
  2 kobold demonologists
  Maggie (D:6)
  2 trolls
  A hornet (D:7)
  Prince Ribbit (D:6)
  Sigmund (D:6)
  A shadow (D:10)
  2 wraiths (D:9)
  A spriggan (shapeshifter) (D:10)
  A vampire (D:6)
  4 wyverns
  2 starcursed masses (Abyss:2)
  An unseen horror simulacrum (D:10)
  A basilisk (D:10)
  2 steam dragons
  An acid dragon (D:10)
  2 water moccasins
  An ice beast (D:8)
  21 orc warriors
  4 black bears
  2 sky beasts
  An ogre (D:5)
  4 centaurs
  6 kobold brigands
  A bullfrog (D:9)
  A gnoll sergeant (D:5)
  3 scorpions
  4 wights (D:9)
  12 killer bees
  5 howler monkeys
  9 electric eels
  A jelly (D:5)
  9 orc priests
  A gnoll bouda (D:6)
  4 hounds
  A sleepcap (D:7)
  4 iguanas
  7 orc wizards
  A hell rat (Sewer)
  6 gnolls
  11 adders
  A river rat (Sewer)
  A shadow imp (D:7)
  An ufetubus (D:7)
  4 worms
  A dart slug (D:1)
  41 orcs
  6 endoplasms
  5 giant cockroaches
  18 goblins
  16 hobgoblins
  8 jackals
  23 kobolds
  7 quokkas
  9 ball pythons
  7 bats
  2 frilled lizards
  12 rats
318 creatures vanquished.

Vanquished Creatures (others)
  2 orc wizards
  2 gnolls (D:6)
  3 orcs (D:6)
7 creatures vanquished.

Grand Total: 325 creatures vanquished

Notes
Turn   | Place    | Note
-------+----------+-------------------------------------------
     0 | D:1      | vineage the Gargoyle Fighter began the quest for the Orb.
     0 | D:1      | Reached XP level 1. HP: 14/14 MP: 1/1
   127 | D:1      | Reached XP level 2. HP: 16/20 MP: 2/2
   132 | D:1      | Reached skill level 4 in Fighting
   353 | D:1      | Found Yrphavug's One-of-a-Kind Rings.
   435 | D:1      | Reached XP level 3. HP: 24/24 MP: 3/3
   750 | D:1      | Identified a scroll of acquirement
   750 | D:1      | Acquired a manual of Fighting
   804 | D:2      | Reached skill level 5 in Fighting
   872 | D:2      | Found the +8 Vampire's Tooth {megavamp}
   923 | D:2      | Reached XP level 4. HP: 30/32 MP: 4/4
   956 | D:2      | Reached skill level 6 in Fighting
  1179 | D:2      | Reached skill level 7 in Fighting
  1464 | D:3      | Reached XP level 5. HP: 38/38 MP: 5/5
  2002 | D:3      | Found a stormy altar of Qazlal.
  2002 | D:3      | Noticed a sky beast
  2006 | D:3      | Killed a sky beast
  2007 | D:3      | Reached skill level 9 in Fighting
  2007 | D:3      | Reached XP level 6. HP: 46/46 MP: 6/6
  2655 | D:4      | Found a glowing drain.
  2667 | Sewer    | Entered a sewer
  2822 | D:4      | Reached skill level 10 in Fighting
  2944 | D:4      | Found a white marble altar of Elyvilon.
  2980 | D:4      | Reached XP level 7. HP: 53/53 MP: 5/7
  3138 | D:4      | Reached skill level 11 in Fighting
  3391 | D:5      | Entered Level 5 of the Dungeon
  3577 | D:5      | Reached skill level 12 in Fighting
  3591 | D:5      | Reached skill level 13 in Fighting
  3664 | D:5      | Reached XP level 8. HP: 63/63 MP: 6/8
  4392 | D:6      | Found a large runed translucent door.
  4393 | D:6      | Found a large runed translucent door.
  4394 | D:6      | Noticed Prince Ribbit
  4416 | D:6      | Killed Prince Ribbit
  4417 | D:6      | Reached skill level 14 in Fighting
  4438 | D:6      | Noticed Maggie
  4460 | D:6      | Killed Maggie
  4461 | D:6      | Reached skill level 5 in Armour
  4461 | D:6      | Reached skill level 5 in Shields
  4511 | D:6      | Reached XP level 9. HP: 51/70 MP: 6/9
  4664 | D:6      | Found a staircase to the Ecumenical Temple.
  4667 | D:6      | Noticed Sigmund
  4684 | D:6      | Killed Sigmund
  4798 | Temple   | Entered the Ecumenical Temple
  4921 | D:6      | Found a shimmering altar of Xom.
  5111 | D:6      | Reached skill level 15 in Fighting
  5278 | D:7      | Noticed a hornet
  5300 | D:7      | Killed a hornet
  5301 | D:7      | Reached XP level 10. HP: 76/76 MP: 8/10
  5372 | D:7      | Found the +6 shillelagh "Devastator" {shatter}
  5398 | D:7      | Found a glowing golden altar of the Shining One.
  5579 | D:7      | Found a flagged portal.
  5585 | Bailey   | Entered a bailey
  6007 | Bailey   | Found an iron altar of Okawaru.
  6007 | Bailey   | Noticed an orc high priest
  6007 | Bailey   | Noticed a kobold demonologist
  6037 | Bailey   | Noticed a smoke demon
  6038 | Bailey   | Killed an orc high priest
  6047 | Bailey   | Noticed a sixfirhy
  6057 | Bailey   | Killed a kobold demonologist
  6077 | Bailey   | Became a worshipper of Warmaster Okawaru
  6623 | D:8      | Found a shadowy altar of Dithmenos.
  6630 | D:8      | Reached skill level 16 in Fighting
  6717 | D:8      | Reached XP level 11. HP: 83/83 MP: 7/11
  7229 | D:9      | Reached skill level 1 in Invocations
  7286 | D:9      | Reached * piety under Okawaru
  8105 | D:9      | Noticed a two-headed ogre
  8118 | D:9      | Killed a two-headed ogre
  8560 | D:10     | Entered Level 10 of the Dungeon
  8682 | D:10     | Reached ** piety under Okawaru
  8794 | D:10     | Noticed a wizard
  8803 | D:10     | Killed a wizard
  8804 | D:10     | Reached skill level 5 in Maces & Flails
  8895 | D:10     | Noticed a two-headed ogre
  8901 | D:10     | Killed a two-headed ogre
  8954 | D:10     | Reached *** piety under Okawaru
  8995 | D:10     | Found an iron altar of Okawaru.
  8995 | D:10     | Found a blossoming altar of Fedhas.
  8996 | D:10     | Found a broken altar of Ashenzari.
  9006 | D:10     | Found an ancient bone altar of Kikubaaqudgha.
  9111 | D:10     | Acquired the +1 demon whip of Qapaixec {drain, rN+ Str+4}
  9123 | D:10     | Noticed an ogre mage
  9127 | D:10     | Reached skill level 10 in Armour
  9135 | D:10     | Paralysed by something for 3 turns
  9139 | D:10     | Killed an ogre mage
  9140 | D:10     | Reached skill level 10 in Shields
  9186 | D:10     | Noticed a boulder beetle
  9204 | D:10     | Killed a boulder beetle
  9204 | D:10     | Reached **** piety under Okawaru
  9234 | D:10     | Noticed a green ugly thing
  9240 | D:10     | Killed a green ugly thing
  9278 | D:10     | Noticed a boulder beetle
  9280 | D:10     | Reached XP level 12. HP: 90/90 MP: 15/15
  9424 | D:10     | Killed a boulder beetle
  9436 | D:10     | Found a staircase to the Lair.
  9437 | D:10     | Noticed Amaemon
  9498 | D:10     | Killed Amaemon
  9498 | D:10     | Received a gift from Okawaru
  9686 | D:10     | You are sucked into a shaft and drop 3 floors!
  9714 | Abyss:2  | Found a corrupted altar of Lugonu.
  9714 | Abyss:2  | Cast into level 2 of the Abyss (a wizard)
  9726 | Abyss:2  | Noticed a starcursed mass
  9755 | Abyss:2  | Reached ***** piety under Okawaru
  9798 | Abyss:2  | Noticed a wretched star
  9812 | Abyss:2  | Collided with a rock wall

Illustrated notes

Levels and vault maps discovered:
D:1:      kilobyte_arrival_exit_the_forest, layout_rooms,
          nicolae_shop_unique_rings
D:2:      layout_basic
D:3:      layout_loops_ring, nicolae_qazlal_beasts_of_the_sky,
          serial_co_window_serial, co_window_paths_a, co_window_corner_a,
          co_window_corner_a, co_window_corner_a, co_window_corner_a,
          co_window_of_opportunity_a, co_window_corner_a, co_window_paths_b,
          co_window_paths_b, co_window_broadway_c, co_window_corner_ca,
          co_window_broadway_a, co_window_of_opportunity_c, co_window_paths_e,
          glass_columns_c, glass_columns_a
D:4:      layout_basic, nicolae_elyvilon_peaceful_grove,
          gup_sewer_entry_bubbles, uniq_edmund
D:5:      nicolae_cairo_tiling, layout_loops_ring
D:6:      due_chaos_kobolds, layout_rooms, minmay_temple_entry_arrows,
          serial_bayou_ford_a, uniq_sigmund, uniq_prince_ribbit1, uniq_maggie
D:7:      nicolae_whirlpool, layout_rooms, nicolae_overflow_crystal_walls,
          enter_bailey_3
D:8:      corexii_shack_village, layout_rooms, kennysheep_small_circle
D:9:      layout_layer_cave
D:10:     nicolae_hexawheel, layout_rooms, nicolae_overflow_quartered_altars,
          david_lair_generic, uniq_amaemon
D:13:     hangedman_cross_cluster, layout_loops_ring, drop_trap
Temple:   nicolae_temple_no_exploring_needed
Abyss:2:  base: D:11, spicy_abyss_helpful_harpoons

Skill      XL: |  1  2  3  4  5  6  7  8  9 10 11 12 |
---------------+-------------------------------------+-----
Fighting       | 4 5 7 9 10 13 14 15 16 | 16.7
Armour         | 5 7 9 10 | 10.5
Shields        | 5 7 9 10 | 10.4
Maces & Flails | 6 7 |  7.2
Invocations    | 4 |  4.7

Action                     |  1- 3 |  4- 6 |  7- 9 | 10-12 || total
---------------------------+-------+-------+-------+-------++-------
  Melee: Flail             |   138 |       |       |       ||   138
         Quick blade       |    10 |   251 |   417 |   875 ||  1553
         Demon whip        |       |       |       |   189 ||   189
 Invoke: Heroism           |       |       |       |     1 ||     1
    Use: Scroll            |     4 |     2 |     5 |    11 ||    22
         Potion            |       |       |     1 |     1 ||     2
 Armour: Chain mail        |   109 |    84 |   257 |   451 ||   901
         Plate armour      |       |       |       |    85 ||    85
  Dodge: Dodged            |    61 |    54 |   133 |   289 ||   537
  Block: Buckler           |    47 |    26 |    79 |   258 ||   410

Table legend: (Time is in decaauts)
 A = Elapsed time spent in this place.
 B = Non-inter-level travel time spent in this place.
 C = Inter-level travel time spent in this place.
 D = Time resting spent in this place.
 E = Time spent auto-exploring this place.
 F = Levels seen in this place.
 G = Mean time per level.
                   A        B        C        D        E       F      G
               +--------+--------+--------+--------+--------+-----+--------+
         Total |  10074 |   9734 |    340 |    392 |   6849 |  15 |  671.6 |
       Dungeon |   9076 |   8737 |    339 |    392 |   6350 |  11 |  825.1 |
        Temple |      1 |      0 |      1 |      0 |      0 |   1 |    1.0 |
         Abyss |     88 |     88 |      0 |      0 |     11 |   1 |   88.0 |
         Sewer |    115 |    115 |      0 |      0 |     58 |   1 |  115.0 |
        Bailey |    792 |    792 |      0 |      0 |    429 |   1 |  792.0 |
               +--------+--------+--------+--------+--------+-----+--------+

Top non-repeatable levels by time:
     D:9: 1430 daAuts
     D:3: 1143 daAuts
    D:10: 1101 daAuts
     D:6: 1007 daAuts
     D:5: 877 daAuts
     D:1: 815 daAuts
  Bailey: 792 daAuts
     D:4: 771 daAuts
     D:2: 672 daAuts
     D:7: 645 daAuts
     D:8: 585 daAuts
   Sewer: 115 daAuts
 Abyss:2: 88 daAuts
    D:13: 27 daAuts
  Temple: 1 daAuts
